 Dungeon Crawl Stone Soup version 0.31.0-32-g396128a36d (webtiles) character file.

Game seed: 1852092946967556412

63 PriceMaster the Chiller (level 3, -3/24 HPs)
             Began as a Demonspawn Ice Elementalist on Mar 12, 2024.
             Slain by an ogre
             ... wielding a +0 giant spiked club
              (17 damage)
             ... on level 3 of the Dungeon on Mar 15, 2024.
             The game lasted 00:03:25 (2200 turns).

PriceMaster the Chiller (DsIE)                      Turns: 2200, Time: 00:03:26

Health: -3/24      AC:  4    Str:  8    XL:     3   Next: 87%
Magic:  0/7        EV: 12    Int: 17    God:
Gold:   47         SH:  0    Dex: 13    Spells: 1/7 levels left

rFire   . . .        d - +0 whip
rCold   . . .        (no shield)
rNeg    . . .        a - +0 robe
rPois   .            g - +0 helmet
rElec   .            k - +0 cloak
rCorr   .            (no gloves)
SInv    .            (no boots)
Will    .....        (no amulet)
Stlth   ++           (no ring)
HPRegen 0.24/turn    (no ring)
MPRegen 0.10/turn

%: no passive effects
@: freezing walls, very slightly contaminated
A: hooves 1, powered by death 1
a: no special abilities


You were on level 3 of the Dungeon.
You visited 1 branch of the dungeon, and saw 3 of its levels.

You collected 87 gold pieces.
You spent 40 gold pieces at shops.

Inventory:

Hand Weapons
 d - a +0 whip (weapon)
Armour
 a - a +0 robe (worn)
 g - a +0 helmet (worn)
 k - a +0 cloak (worn)
 m - a scarf of harm
Scrolls
 c - a scroll of fear {unknown}
 e - a scroll of blinking
 j - a scroll of fog
Potions
 b - 2 potions of attraction
 f - 2 potions of might {unknown}
 h - a potion of heal wounds
 i - a potion of curing
 l - a potion of haste


   Skills:
 + Level 1.8 Dodging
 + Level 2.2 Stealth
 + Level 2.7 Spellcasting
 + Level 0.1 Conjurations
 + Level 4.3 Ice Magic
 + Level 0.2 Air Magic


You had one spell level left.
You knew the following spells:

 Your Spells              Type           Power      Damage    Failure   Level
a - Freeze                Ice            68%        1d8       3%          1
b - Static Discharge      Conj/Air       4%         3-4/arc   26%         2
c - Frozen Ramparts       Ice            34%        1d6       9%          3

Your spell library contained the following spells:

 Spells                   Type           Power      Damage    Failure   Level
 Ozocubu's Armour         Ice            17%        N/A       9%          3
 Summon Ice Beast         Ice/Summ       9%         N/A       22%         3
 Airstrike                Air            1%         2d(1-17)  86%         4
 Summon Lightning Spire   Summ/Air       2%         N/A       86%         4


Dungeon Overview and Level Annotations

Branches:
Dungeon (3/15)

Altars:

Shops:
D:2 ?


Innate Abilities, Weirdness & Mutations

You have large cloven feet.
You regenerate a little health from kills.


Message History

An ogre is nearby!
The ogre shouts!
You see here an adder corpse.
You start resting.
An ogre is nearby!
Casting: Freeze (safe; 3% risk of failure)
Confirm with . or Enter, or press ? or * to list all spells.
Casting: Frozen Ramparts (quite dangerous; 9% risk of failure)
Press: ? - help, Dir - look around, f - activate The walls around you are covered in ice.
The wall freezes the ogre.
Casting: Frozen Ramparts (quite dangerous; 9% risk of failure)
Confirm with . or Enter, or press ? or * to list all spells.
You miscast Static Discharge.
You are very lightly contaminated with residual magic.
Nothing appears to happen.
The wall freezes the ogre.
The ogre hits you with a +0 giant spiked club!
Unknown command.
Casting: Static Discharge (quite dangerous; 26% risk of failure)
Confirm with . or Enter, or press ? or * to list all spells.
Okay, then.
Casting: Static Discharge (quite dangerous; 26% risk of failure)
Confirm with . or Enter, or press ? or * to list all spells.
Aiming: Freeze (safe; 3% risk of failure)
Press: ? - help, Shift-Dir - straight line, f - ogre
Aim: an ogre, wielding a +0 giant spiked club (lightly wounded)
You freeze the ogre.
The ogre is lightly wounded.
Unknown command.
Casting: Freeze (safe; 3% risk of failure)
Confirm with . or Enter, or press ? or * to list all spells.
Aiming: Freeze (safe; 3% risk of failure)
Press: ? - help, Shift-Dir - straight line, f/p - ogre
Aim: an ogre, wielding a +0 giant spiked club (lightly wounded)
You freeze the ogre.
The ogre is moderately wounded.
The wall freezes the ogre.
The ogre hits you with a +0 giant spiked club!
Ouch! That really hurt!
You die...

..)..O........#
.r............##
.................
..............###
.......#†..##...
.......#.### .###
.......#.# .#
....####O# ....
#@# ... #.# ..
#.. ###. .# #


You could see an ogre.

Vanquished Creatures
  2 adders
  A ribbon worm (D:2)
  9 ball pythons
  3 endoplasms
  A giant cockroach (D:2)
  2 goblins
  3 quokkas
  4 bats
  3 frilled lizards
  7 kobolds
  4 rats (D:1)
39 creatures vanquished.

Notes
Turn   | Place    | Note
-------+----------+-------------------------------------------
     0 | D:1      | PriceMaster the Demonspawn Ice Elementalist began the quest
                  | for the Orb.
     0 | D:1      | Reached XP level 1. HP: 13/13 MP: 3/3
     6 | D:1      | Noticed a hog
     6 | D:1      | Noticed a black mamba
     6 | D:1      | Noticed a rime drake
     7 | D:1      | Noticed a lindwurm
   310 | D:1      | Reached skill level 4 in Ice Magic
   416 | D:1      | Gained mutation: You regenerate a little health from kills.
                  | [demonic ancestry]
   416 | D:1      | Reached XP level 2. HP: 19/19 MP: 3/5
   615 | D:1      | Learned a level 2 spell: Static Discharge
  1164 | D:1      | Found a faded altar of an unknown god.
  1405 | D:2      | Gained mutation: You have large cloven feet. [demonic
                  | ancestry]
  1405 | D:2      | Reached XP level 3. HP: 23/24 MP: 0/6
  1776 | D:2      | Learned a level 3 spell: Frozen Ramparts
  1893 | D:2      | Found Lanog's Magic Scroll Shop.
  1896 | D:2      | Bought a scroll of identify for 20 gold pieces
  1896 | D:2      | Bought a scroll of identify for 20 gold pieces
  2188 | D:3      | Noticed an ogre
  2200 | D:3      | Slain by an ogre

Illustrated notes

Levels and vault maps discovered:
D:1:      onia_arrival_zoo_common, layout_basic,
          shapermc_ecumenical_altar_mp_urbaneastern, minmay_cut_off
D:2:      layout_rooms, serial_shops, nicolae_shop_tiny_real_fake_doors
D:3:      layout_basic, uniq_grinder, uniq_robin, uniq_natasha

Skill      XL: |  1  2  3 |
---------------+----------+-----
Ice Magic      | 4 |  4.3
Stealth        | 2 |  2.2
Dodging        | |  1.8
Spellcasting   | |  2.7
Conjurations   | |  0.1
Air Magic      | |  0.2

Action                     || total
---------------------------++-------
  Melee: Unarmed           ||     5
         Whip              ||    24
         Kick              ||     1
   Cast: Freeze            ||    54
         Static Discharge  ||     3
         Frozen Ramparts   ||     3
    Use: Potion            ||     2
         Scroll            ||     6
   Stab: Sleeping          ||     2
 Armour: Robe              ||    73
  Dodge: Dodged            ||    94
